 Dungeon Crawl Stone Soup version 0.23.2-30-g0e89c35 (webtiles) character file.

Game seed: 4867834798447149286

301 Fortress the Firebug (level 6, -1/67 HPs)
             Began as a Draconian Fire Elementalist on June 12, 2019.
             Slain by a worm (5 damage)
             ... on level 3 of the Dungeon.
             The game lasted 00:17:37 (3233 turns).

Fortress the Firebug (Draconian Fire Elementalist)  Turns: 3233, Time: 00:17:40

Health: -1/67      AC:  6    Str: 15    XL:     6   Next: 14%
Magic:  7/11       EV: 12    Int: 17    God:
Gold:   116        SH:  0    Dex: 12    Spells: 11/12 levels left

rFire    . . .     SeeInvis .   f - +2 short sword (elec)
rCold    . . .     Gourm    .   (no shield)
rNeg     . . .     Faith    .   (armour unavailable)
rPois    .         Spirit   .   (helmet restricted)
rElec    .         Reflect  .   (no cloak)
rCorr    .         Harm     .   (no gloves)
MR       .....                  (no boots)
Stlth    ..........             (no amulet)
HPRegen  0.21/turn              (no ring)
MPRegen  0.12/turn              (no ring)

@: berserking, lethally poisoned (-1 -> -2), very quick
A: unfitting armour, cold-blooded, AC +6
a: no special abilities


You were on level 3 of the Dungeon.
You were very hungry.

You visited 1 branch of the dungeon, and saw 3 of its levels.

You collected 116 gold pieces.

Inventory:

Hand Weapons
 c - a +0 dagger of holy wrath
 f - a +2 short sword of electrocution (weapon)
Missiles
 a - 19 poisoned needles
 e - 187 stones (quivered)
Jewellery
 g - an uncursed amulet of rage {unknown}
Scrolls
 d - a scroll of amnesia {unknown}
 j - a scroll of remove curse {unknown}
 k - a scroll of enchant weapon {unknown}
 o - a scroll of teleportation {unknown}
 p - a scroll of fog {unknown}
 q - a scroll of immolation {unknown}
Potions
 i - a potion of haste {unknown}
 l - a potion of magic {unknown}
 m - a potion of curing {unknown}
 n - a potion of cancellation {unknown}
Comestibles
 b - 5 rations


   Skills:
 - Level 0.3 Short Blades
 - Level 2.2 Dodging
 - Level 2.0 Stealth
 + Level 3.7 Spellcasting
 + Level 3.0 Conjurations
 + Level 4.6 Fire Magic


You had 11 spell levels left.
You knew the following spells:

 Your Spells              Type           Power        Failure   Level  Hunger
a - Flame Tongue          Conj/Fire      ###..        3%          1    None

Your spell library contained the following spells:

 Spells                   Type           Power        Failure   Level  Hunger
 Throw Flame              Conj/Fire      ###...       4%          2    ##.....
 Conjure Flame            Conj/Fire      ###.....     10%         3    ###....
 Inner Flame              Hex/Fire       ##......     19%         3    ###....
 Sticky Flame             Conj/Fire      ###.....     32%         4    ####...
 Fireball                 Conj/Fire      ###.......   67%         5    ######.


Dungeon Overview and Level Annotations

Branches:
Dungeon (3/15)

Altars:
Cheibriados
Dithmenos
Trog
Uskayaw

Annotations:
D:3 Robin


Innate Abilities, Weirdness & Mutations

Your plain brown scales are hard. (AC +6)
You cannot fit into any form of body armour.
You are cold-blooded and may be slowed by cold attacks.


Message History

Casting: Flame Tongue (safe; 3% risk of failure)
Confirm with . or Enter, or press ? or * to list all spells.
Aiming: Flame Tongue (safe; 3% risk of failure)
Press: ? - help, Shift-Dir - straight line, f/p - goblin
Aim: a goblin (heavily wounded)
The flame tongue hits the goblin.
You kill the goblin!
Robin misses you. The worm bites you!
* * * LOW HITPOINT WARNING * * *
You hit the goblin. Lightning courses through the goblin!
You kill the goblin!
Robin closely misses you.
Okay, then.
It was a potion of berserk rage.
A red film seems to cover your vision as you go berserk!
You feel yourself moving faster!
You feel mighty!
The hobgoblin no longer looks unusually strong.
The goblin no longer looks unusually strong.
Robin hits you but does no damage. The worm bites you.
You die...

.#### ##. ## ..... ...
.. . . .##### #.# .#. .#
. .....# #.# ..# .#.#
..##.###<# #.# .#.##
..##.>.#.# ####.##.....
#.#......# #..........##
#.#.##)#####.#.†).##...#
#...##.........)@).....#
#......####.####w####..#
#......# #..##.ggg.#
#......# #..#...gg..#
.≈≈≈...# #..#.......#
≈≈≈≈≈### ......._.....
≈≈.≈≈_# ....#.(.....#..
≈≈≈≈≈## .#..#.......#..#
.≈≈≈## ..##.##.....## ..


You could see a worm, Robin, 3 hobgoblins and a goblin.

Vanquished Creatures
  A crimson imp (D:2)
  An orc priest (D:3)
  A worker ant (D:2)
  Terence (D:3)
  A gnoll (D:1)
  7 adders
  2 worms (D:2)
  3 dart slugs
  5 leopard geckos
  5 orcs
  4 giant cockroaches
  13 hobgoblins
  7 jackals
  A quokka (D:3)
  8 bats
  3 frilled lizards (D:1)
  18 goblins
  6 kobolds
  11 rats
  A plant (D:1)
99 creatures vanquished.

Vanquished Creatures (others)
  A plant (D:1)
1 creature vanquished.

Grand Total: 100 creatures vanquished

Notes
Turn   | Place    | Note
-------+----------+-------------------------------------------
     0 | D:1      | Fortress the Draconian Fire Elementalist began the quest
                  | for the Orb.
     0 | D:1      | Reached XP level 1. HP: 14/14 MP: 3/3
   275 | D:1      | Reached XP level 2. HP: 20/20 MP: 3/5
  1013 | D:1      | Reached XP level 3. HP: 22/26 MP: 6/6
  1582 | D:2      | Reached XP level 4. HP: 25/33 MP: 0/8
  1688 | D:2      | Reached skill level 4 in Fire Magic
  1777 | D:2      | Found a shadowy altar of Dithmenos.
  1893 | D:2      | Reached XP level 5. HP: 19/38 MP: 0/9
  2329 | D:2      | Noticed a moth of wrath
  2332 | D:2      | Found a bloodstained altar of Trog.
  2710 | D:3      | Noticed Terence
  2720 | D:3      | Killed Terence
  2803 | D:3      | Found a snail-covered altar of Cheibriados.
  3022 | D:3      | Reached XP level 6. HP: 32/45 MP: 2/11
  3209 | D:3      | Found a hide-covered altar of Uskayaw.
  3209 | D:3      | Noticed Robin
  3231 | D:3      | HP: 2/45 [worm (8)]
  3233 | D:3      | Slain by a worm

Skill      XL: |  1  2  3  4  5  6 |
---------------+-------------------+-----
Dodging        | 2 |  2.2
Stealth        | 2 |  2.0
Fire Magic     | 4 |  4.6
Spellcasting   | 3 |  3.7
Conjurations   | 2 3 |  3.0
Short Blades   | |  0.3

Action                   |  1- 3 |  4- 6 || total
-------------------------+-------+-------++-------
Melee: Unarmed           |    56 |       ||    56
       Tailslap          |     6 |     2 ||     8
       Short sword       |    19 |    60 ||    79
       Dagger            |    18 |       ||    18
 Cast: Flame Tongue      |    58 |    98 ||   156
  Use: Potion            |       |     1 ||     1
  Eat: Chunk             |     2 |     5 ||     7
Armor: Skin              |    56 |    33 ||    89
Dodge: Dodged            |    98 |    78 ||   176
